Map: Orbital Shipyard

Players

MoonIceStar

  • Race: Zerg Zerg
  • League: Platinum

LilDicky - Winner!

  • Race: Terran Terran
  • League: Diamond

VOD

http://www.twitch.tv/tumescentpie

Description

Time

  • Played on: Dec. 6, 2015, 3:19 p.m.
  • Length: 20:45
Show
View Real Time Build Order
Export as new Build Order

MoonIceStar Zerg 

Build Orders: Hatch First, Muta Ling Bane 

Get SALT Encoding   

  12  0:00  Drone  
  13  0:08  Drone  
  14  0:17  Overlord  
  14  0:28  Extractor  
  14  0:29  Drone  
  14  0:35  Drone x2  
  17  0:54  Hatchery  
  17  0:56  Drone  
  17  1:00  Drone  
  17  1:03  Extractor  
  17  1:08  Drone  
  18  1:19  Spawning Pool  
  18  1:21  Drone  
  18  1:28  Drone  
  19  1:38  Drone  
  20  1:48  Overlord  
  20  2:07  Queen  
  20  2:08  Queen  
  24  2:09  Zergling x4  
  24  2:10  Zergling x2  
  24  2:12  Metabolic Boost  
  27  2:17  Drone  
  27  2:22  Evolution Chamber  
  27  2:23  Drone  
  28  2:36  Drone x2  
  30  2:43  Drone x2  
  32  2:47  Lair  
  32  2:53  Drone x2  
  34  3:00  Overlord  
  34  3:04  Drone  
  35  3:20  Drone x5  
  35  3:21  Drone x3  
  43  3:27  Zerg Melee Weapons Level 1  
  43  3:29  Overlord  
  43  3:38  Zergling x2  
  43  3:40  Overlord  
  44  3:51  Extractor  
  44  3:53  Zergling x8  
  44  3:54  Drone x2, Extractor, Zergling x4  
  50  4:05  Drone x2  
  50  4:09  Baneling Nest  
  51  4:11  Spore Crawler  
  51  4:13  Spore Crawler  
  49  4:23  Drone x2  
  49  4:24  Drone x3  
  54  4:26  Zergling x4  
  54  4:27  Zergling x4  
  56  4:43  Drone x3  
  56  4:57  Drone, Zergling x6  
  56  4:59  Overlord x2  
  60  5:04  Spire, Queen  
  52  5:35  Drone  
  52  5:36  Drone x2, Zergling x4  
  52  5:37  Extractor, Zergling x2  
  52  5:38  Centrifical Hooks  
  56  5:43  Evolution Chamber  
  56  5:45  Overseer  
  54  6:00  Queen  
  54  6:02  Drone x2, Zergling x2  
  54  6:03  Zergling x2  
  59  6:14  Zerg Melee Weapons Level 2  
  59  6:15  Mutalisk, Zerg Ground Armor Level 1  
  59  6:16  Mutalisk  
  60  6:29  Zergling x4  
  60  6:31  Zergling x2  
  60  6:32  Overlord x2, Zergling x4  
  57  7:03  Zergling x4  
  57  7:05  Zergling x2  
  57  7:06  Zergling x12  
  65  7:14  Zergling x4  
  66  7:43  Hatchery  
  60  7:52  Hatchery  
  60  7:53  Overlord x5  
  55  8:08  Overlord x5  
  55  8:09  Overlord  
  55  8:12  Mutalisk x4  
  55  8:19  Mutalisk  
  61  8:20  Mutalisk x3  
  61  8:26  Overseer  
  69  8:29  Zergling x4  
  71  8:46  Zergling x2  
  71  8:47  Zergling x2  
  65  8:50  Zergling x4  
  66  8:58  Zergling x10  
  66  8:59  Zergling x2  
  66  9:01  Zergling x2  
  55  9:25  Zergling x10  
  55  9:26  Zergling x14  
  66  9:31  Queen  
  66  9:35  Queen  
  66  9:36  Queen  
  72  9:48  Mutalisk x4  
  72  9:49  Mutalisk x2  
  84  10:07  Queen  
  84  10:08  Baneling x7  
  84  10:09  Baneling  
  84  10:10  Hatchery  
  74  10:40  Mutalisk x2  
  74  10:41  Zergling x2  
  74  10:42  Zergling x12  
  77  11:34  Zergling x20  
  77  11:35  Hatchery, Zergling x16  
  77  11:38  Zerg Ground Armor Level 2  
  94  11:43  Infestation Pit  
  94  11:45  Extractor x2  
  91  11:50  Zergling x2  
  91  11:51  Zergling x4  
  82  12:55  Queen  
  82  12:56  Queen  
  86  12:59  Drone x4  
  86  13:00  Drone x10  
  86  13:01  Drone x4  
  86  13:02  Zergling x14  
  86  13:03  Zergling x2  
  112  13:07  Hive  
  112  13:08  Mutalisk  
  112  13:09  Zergling x4  
  112  13:10  Zergling x6  
  118  13:25  Overseer  
  118  13:28  Pneumatized Carapace  
  118  13:38  Extractor x2  
  88  14:18  Mutalisk x2  
  88  14:19  Mutalisk x10  
  88  14:20  Overlord x3, Zergling x14  
  88  14:21  Overlord  
  119  14:56  Ultralisk Cavern  
  118  15:03  Zerg Melee Weapons Level 3  
  118  15:04  Zerg Ground Armor Level 3  
  118  15:26  Viper x3, Zergling x2  
  128  15:31  Zergling x4  
  128  15:32  Zergling x22  
  128  15:33  Hatchery, Zergling x10  
  145  15:37  Adrenal Glands  
  145  16:14  Ultralisk x2  
  145  16:15  Ultralisk  
  161  16:18  Chitinous Plating  
  161  16:52  Ultralisk  
  167  17:08  Extractor  
  167  17:13  Extractor  
  92  17:51  Mutalisk x3  
  81  17:52  Ultralisk x3  
  81  17:53  Ultralisk x2, Zergling x6  
  98  18:19  Zergling x2  
  99  18:20  Zergling x14  
  104  19:12  Drone x3  
  104  19:13  Drone x4  
  111  19:43  Mutalisk x6  
  111  19:44  Mutalisk x6  
Show
View Real Time Build Order
Export as new Build Order

LilDicky Terran - Winner!

Build Orders: 1/1/1, Mech 

Get SALT Encoding   

  12  0:03  SCV  
  13  0:15  SCV  
  13  0:20  Supply Depot  
  14  0:27  SCV  
  15  0:35  Refinery  
  15  0:41  SCV  
  16  0:46  Barracks  
  16  0:54  SCV  
  17  1:06  SCV  
  18  1:18  SCV  
  19  1:25  Refinery  
  19  1:33  Orbital Command  
  19  1:35  Supply Depot, Marine  
  19  1:39  Factory  
  20  1:53  Marine  
  21  1:58  SCV  
  22  2:06  Supply Depot  
  22  2:10  SCV  
  23  2:24  Armory  
  23  2:26  Factory Tech Lab, Starport  
  23  2:29  Marine  
  24  2:32  SCV  
  25  2:43  Supply Depot  
  25  2:46  SCV  
  25  2:47  Marine  
  27  2:59  SCV  
  27  3:04  Marine  
  29  3:11  Thor  
  35  3:22  SCV  
  35  3:23  Medivac  
  38  3:28  Supply Depot, Marine  
  39  3:36  SCV  
  40  3:45  Marine  
  41  3:48  SCV  
  41  3:53  Starport Tech Lab  
  41  3:54  Siege Tank  
  45  4:00  SCV  
  46  4:10  Command Center  
  46  4:12  Marine  
  46  4:13  SCV  
  48  4:20  Banshee  
  51  4:31  Refinery  
  51  4:49  SCV  
  52  5:01  SCV  
  53  5:13  SCV  
  51  5:25  SCV  
  51  5:33  Banshee  
  48  5:37  SCV  
  48  5:39  Thor  
  55  5:47  Orbital Command  
  55  5:49  SCV  
  56  5:57  Cloaking Field  
  56  6:01  SCV  
  56  6:03  Marine  
  58  6:14  SCV  
  59  6:21  Marine  
  59  6:22  Thor  
  66  6:26  SCV  
  66  6:27  Command Center  
  66  6:29  Banshee, Factory  
  66  6:30  Factory  
  70  6:34  Supply Depot  
  70  6:39  Supply Depot  
  70  6:53  Marine  
  62  7:11  Marine  
  62  7:15  Banshee  
  66  7:16  Thor  
  72  7:29  Marine  
  63  7:46  Marine  
  64  7:59  Siege Tank  
  64  8:04  Marine  
  68  8:06  SCV  
  68  8:09  Factory Reactor x2  
  69  8:21  Engineering Bay  
  69  8:22  Marine  
  69  8:24  Refinery  
  69  8:26  SCV  
  69  8:27  SCV  
  72  8:31  Thor  
  78  8:40  Marine  
  74  8:58  Marine  
  75  9:06  SCV  
  75  9:08  Hellion  
  75  9:09  Hellion x2  
  82  9:14  Siege Tank  
  59  9:28  Planetary Fortress  
  59  9:31  Marine  
  57  9:32  Hellion x3  
  57  9:37  SCV  
  64  9:43  Missile Turret  
  64  9:45  Missile Turret  
  64  9:46  Siege Tank  
  64  9:49  Missile Turret x2  
  67  9:54  Missile Turret  
  67  9:55  SCV x2  
  67  9:58  Hellion  
  67  9:59  Hellion  
  73  10:09  SCV, Hellion x2  
  73  10:10  Banshee  
  73  10:11  Terran Infantry Weapons Level 1, SCV  
  82  10:16  Armory  
  82  10:17  Armory  
  82  10:18  Thor  
  88  10:22  Missile Turret  
  88  10:25  Missile Turret  
  88  10:26  Missile Turret  
  88  10:27  Missile Turret  
  88  10:28  Missile Turret  
  79  10:29  Missile Turret  
  63  10:37  Widow Mine x2  
  63  10:41  SCV  
  63  10:42  SCV  
  62  10:48  SCV, Marine  
  64  10:53  SCV  
  65  11:00  Thor  
  70  11:16  Marine  
  70  11:17  Widow Mine x2  
  75  11:18  SCV  
  75  11:20  Terran Vehicle And Ship Armor Level 1  
  75  11:23  Terran Vehicle Weapons Level 1  
  76  11:26  SCV x2  
  76  11:28  Missile Turret  
  76  11:29  Missile Turret  
  76  11:30  SCV  
  76  11:31  Refinery  
  79  11:33  Command Center, Refinery  
  79  11:36  Hellion x2  
  79  11:38  SCV x2  
  85  11:43  SCV, Thor  
  92  11:47  Factory, Missile Turret  
  92  11:49  Missile Turret  
  92  11:50  SCV, Missile Turret, Supply Depot  
  92  11:51  Supply Depot  
  92  11:52  Supply Depot  
  93  11:54  Supply Depot  
  93  11:57  Banshee  
  93  11:58  SCV  
  93  12:00  Hellion x2  
  101  12:21  Hellion  
  101  12:22  Hellion  
  105  12:26  Thor  
  107  12:36  Marine  
  100  12:38  Factory Tech Lab  
  100  12:41  SCV x2, Hellion x2  
  106  13:06  Missile Turret  
  106  13:07  Missile Turret  
  106  13:08  Missile Turret  
  106  13:09  Thor  
  106  13:10  Banshee  
  106  13:11  Thor  
  121  13:13  Hellion  
  121  13:14  Hellion x2, Missile Turret  
  121  13:15  SCV  
  121  13:18  SCV  
  126  13:22  SCV  
  127  13:27  SCV  
  127  13:32  Hellbat  
  130  13:35  Hellion  
  132  13:44  Refinery  
  132  13:45  Refinery  
  132  13:47  Missile Turret  
  103  14:03  Thor  
  103  14:04  Thor  
  103  14:05  SCV, Hellbat x4  
  103  14:06  SCV  
  122  14:17  SCV  
  122  14:20  Terran Vehicle And Ship Armor Level 2  
  122  14:23  Terran Vehicle Weapons Level 2  
  123  14:24  SCV  
  123  14:25  SCV  
  123  14:26  Hellbat  
  123  14:29  Hellbat x3  
  133  14:44  Starport Reactor  
  133  14:45  Factory  
  133  14:49  Thor  
  133  14:51  Thor  
  145  14:54  Hellion  
  147  15:00  Supply Depot  
  147  15:01  Supply Depot  
  147  15:02  Supply Depot  
  147  15:05  Hellbat x3  
  147  15:06  SCV  
  147  15:07  SCV x2, Liberator x2  
  156  15:14  Planetary Fortress  
  156  15:15  Command Center  
  156  15:16  Hellion x2  
  156  15:18  Hellion x2  
  156  15:23  Sensor Tower  
  162  15:32  Hellbat x2  
  162  15:33  Hellbat  
  168  16:00  Missile Turret  
  168  16:14  Liberator  
  168  16:15  Liberator  
  165  16:32  Thor x2, Missile Turret  
  171  16:33  Thor  
  171  16:34  Hellion x2  
  171  16:35  Hellion  
  195  16:45  Missile Turret x3  
  195  16:46  Missile Turret x2  
  195  16:50  Missile Turret  
  195  16:56  Missile Turret  
  195  16:59  Missile Turret  
  195  17:05  Hellion x2  
  153  17:52  Hellion x3  
  131  18:00  Thor x3, Hellion  
  131  18:01  Hellion x2  
  131  18:02  Hellion  
  139  18:34  Hellion x3  
  139  18:38  Planetary Fortress  
  139  18:39  Supply Depot  
  139  18:40  Liberator x2  
  139  18:42  Supply Depot  
  139  18:43  Thor  
  139  18:44  Supply Depot  
  139  18:45  Supply Depot  
  145  18:53  Thor x2  
  157  19:00  SCV x2  
  157  19:01  SCV  
  157  19:02  Command Center  
  166  19:05  Refinery  
  166  19:10  Command Center  
  166  19:14  Refinery  
  166  19:18  Command Center  
  166  19:26  Thor  
  172  19:33  Supply Depot x2  
  172  19:35  Supply Depot  
  172  19:36  Thor  
  159  19:58  Missile Turret  
  159  19:59  Missile Turret  
  156  20:02  Missile Turret  
  156  20:14  Missile Turret  
  156  20:19  Refinery  
  156  20:22  Hellion x2  
  156  20:23  Hellion  
Tags
 
Add a new tag
Caveats
  • Supply blocks, unpowered buildings, or Contaminate may cause inaccurate times.
  • Supply counts are checked every 10 seconds.